 Dungeon Crawl Stone Soup version 0.32-a0-871-ge202e49faa (webtiles) character file.

Game seed: 10236381288428433424

1870 SgtShock the Nimble (level 9, -1/53 (69) HPs)
             Began as a Merfolk Ice Elementalist on Mar 29, 2024.
             Was a Follower of Cheibriados.
             Slain by a wight
             ... wielding a +0 short sword
              (4 damage)
             ... on level 7 of the Dungeon.
             The game lasted 00:41:34 (5213 turns).

SgtShock the Nimble (Merfolk Ice Elementalist)      Turns: 5213, Time: 00:41:38

HP:   -1/53 (69)    AC: 18    Str: 10    XL:     9   Next: 13%
MP:   7/17          EV: 17    Int: 20    God:    Cheibriados [*.....]
Gold: 186           SH:  0    Dex: 23    Spells: 9/19 levels left

rFire   x . .        (no weapon)
rCold   + . .        (no shield)
rNeg    . . .        s - +2 robe {Will+}
rPois   .            (no helmet)
rElec   .            (no cloak)
rCorr   .            t - +2 pair of gloves
SInv    .            i - +1 pair of boots
Will    +....        (no amulet)
Stlth   +++          b - ring of ice
HPRegen 0.28/turn    o - +6 ring of dexterity
MPRegen 0.15/turn

%: no passive effects
@: ice-armoured, freezing walls, heavily drained, very slow
A: (nimble swimmer 2), mertail
a: Renounce Religion, Bend Time


You were on level 7 of the Dungeon.
You worshipped Cheibriados.
Cheibriados was aware of your devotion.
You visited 2 branches of the dungeon, and saw 8 of its levels.
You also visited: Sewer.

You collected 186 gold pieces.

Inventory:

Armour
 a - a +0 robe
 d - a +0 troll leather armour {Pargi}
 i - a +1 pair of boots (worn)
 s - a +2 robe of willpower (worn)
 t - a +2 pair of gloves (worn)
Magical Staves
 p - a staff of earth
Jewellery
 b - a ring of ice (left hand)
 c - a ring of willpower
 k - a ring of resist corrosion
 o - a +6 ring of dexterity (right hand)
Scrolls
 e - a scroll of torment
 n - a scroll of amnesia {unknown}
 q - a scroll of noise {unknown}
 r - 2 scrolls of fog
 u - a scroll of blinking {unknown}
 v - a scroll of teleportation
 w - a scroll of enchant armour {unknown}
Potions
 f - a potion of magic
 g - 3 potions of brilliance {unknown}
 h - 3 potions of curing {unknown}
 j - 2 potions of might {unknown}
 l - a potion of heal wounds
 m - a potion of berserk rage {unknown}
 x - a potion of enlightenment {unknown}


   Skills:
 + Level 6.0 Fighting
 + Level 8.0 Dodging
 - Level 2.4 Stealth
 + Level 5.6 Spellcasting
 + Level 7.7 Ice Magic


You had 9 spell levels left.
You knew the following spells:

 Your Spells              Type           Power      Damage    Failure   Level
a - Freeze                Ice            100%       1d10      1%          1
b - Summon Ice Beast      Ice/Summ       31%        N/A       7%          3
c - Frozen Ramparts       Ice            100%       1d16      1%          3
d - Ozocubu's Armour      Ice            53%        N/A       1%          3

Your spell library contained the following spells:

 Spells                   Type           Power      Damage    Failure   Level
 Call Canine Familiar     Summ           5%         N/A       32%         3
 Sigil of Binding         Hex            5%         N/A       32%         3
 Dimensional Bullseye     Hex/Tloc       2%         N/A       73%         4


Dungeon Overview and Level Annotations

Branches:
Dungeon (7/15)             Temple (1/1) D:5           Sewer (visited)

Altars:
Cheibriados
Dithmenos
Gozag
Hepliaklqana
Kikubaaqudgha
Nemelex Xobeh
Okawaru
Qazlal
Ru
Sif Muna
Trog
Vehumet
Xom

Shops:
D:5 *


Innate Abilities, Weirdness & Mutations

((You are very nimble when in or above water. (Stealth+, EV+, Speed+++)))
Your lower body shifts to a powerful aquatic tail in water.


Message History

* * * LOW HITPOINT WARNING * * *
You feel drained.
Casting: Freeze (safe; 1% risk of failure)
Confirm with . or Enter, or press ? or * to list all spells.
You feel a surge of power! A film of ice covers your body!
You hear a croak.
A bullfrog comes into view.
The wight hits you with a +0 flail.
* * * LOW HITPOINT WARNING * * *
The wight closely misses you.
The bullfrog moves out of view.
Casting: Ozocubu's Armour (safe; 1% risk of failure)
Confirm with . or Enter, or press ? or * to list all spells.
You feel a surge of power! A chill wind blows around you.
Something hits your ice beast but does no damage.
The wight hits you but does no damage. x2
Casting: Summon Ice Beast (dangerous; 7% risk of failure)
Confirm with . or Enter, or press ? or * to list all spells.
Casting: Frozen Ramparts (safe; 1% risk of failure)
Press: ? - help, Dir - look around, f - activate A rock wall.
You feel a surge of power!
The walls around you are covered in ice.
Something hits your ice beast.
The wight completely resists.
The wall freezes the wight but does no damage.
The wight closely misses you.
The wight resists.
The wall freezes the wight.
The wight misses you.
Your ice beast barely misses the wight.
Casting: Frozen Ramparts (safe; 1% risk of failure)
Confirm with . or Enter, or press ? or * to list all spells.
Aiming: Freeze (safe; 1% risk of failure)
Press: ? - help, Shift-Dir - straight line, f - wight
Aim: a wight, wielding a +0 flail and wearing a +0 robe (moderately damaged, ally target)
You feel a surge of power!
You freeze the wight but do no damage.
The wight completely resists.
Something hits your ice beast.
The wight resists.
The wall freezes the wight.
The wight misses you.
Your ice beast closely misses the wight.
The wight completely resists.
The wall freezes the wight but does no damage.
The wight hits you with a +0 short sword.
You die...
Cheibriados appreciates the motionlessness of death.

## ## ..
... #.
..#
.####..+
.......#
#......


#zzY# #@# #....# #....### #.##. #. # You could see 2 wights and a friendly ice
beast (summoned).

Vanquished Creatures
  The ghost of EvilEddieB the Magician, an amateur DsNe of Nemelex Xobeh (D:5)
  Duvessa (D:4)
  Pargi (Sewer)
  An ice beast (D:6)
  A black bear (D:6)
  An ogre (D:5)
  A brain worm (Sewer)
  Dowan (D:4)
  A jelly (D:5)
  A sleepcap (D:6)
  Terence (D:2)
  3 adders
  6 orcs
  3 endoplasms
  4 giant cockroaches (D:3)
  5 goblins
  A hobgoblin (D:3)
  5 kobolds
  2 quokkas
  10 ball pythons
  6 bats
  5 frilled lizards
  5 rats
66 creatures vanquished.

Vanquished Creatures (collateral kills)
  A black bear (D:4)
  3 ogres (D:5)
  2 phantoms (D:5)
  A bullfrog (D:6)
  A bombardier beetle (D:5)
  2 jellies
  An orc priest (D:5)
  2 hounds
  An iguana (D:5)
  A sleepcap (D:5)
  Natasha (D:4)
  An orc wizard (D:6)
  4 gnolls (D:5)
  2 adders (D:4)
  A shadow imp (D:6)
  10 orcs
  4 endoplasms
  A goblin (D:4)
  2 hobgoblins (D:4)
  A quokka (D:4)
  A ball python (D:4)
43 creatures vanquished.

Vanquished Creatures (others)
  An arcanist (D:5)
1 creature vanquished.

Grand Total: 110 creatures vanquished

Notes
Turn   | Place    | Note
-------+----------+-------------------------------------------
     0 | D:1      | SgtShock the Merfolk Ice Elementalist began the quest for
                  | the Orb.
     0 | D:1      | Reached XP level 1. HP: 13/13 MP: 3/3
   189 | D:1      | Reached XP level 2. HP: 19/19 MP: 1/5
   260 | D:1      | Reached skill level 3 in Dodging
  1069 | D:2      | Reached XP level 3. HP: 25/25 MP: 4/6
  1120 | D:2      | Noticed Terence
  1134 | D:2      | Killed Terence
  1135 | D:2      | Reached skill level 1 in Fighting
  1368 | D:3      | Found an ancient bone altar of Kikubaaqudgha.
  1382 | D:3      | Found an opulent altar of Gozag.
  1399 | D:3      | Found an opulent altar of Gozag.
  1399 | D:3      | Found an opulent altar of Gozag.
  1407 | D:3      | Found an opulent altar of Gozag.
  1421 | D:3      | Reached XP level 4. HP: 28/32 MP: 2/7
  1578 | D:3      | Found a shimmering altar of Xom.
  1646 | D:3      | Found a shadowy altar of Dithmenos.
  1687 | D:3      | Found a glowing drain.
  1731 | Sewer    | Entered a sewer
  1811 | Sewer    | Noticed Pargi
  1841 | Sewer    | Killed Pargi
  1842 | Sewer    | Reached skill level 4 in Dodging
  1842 | Sewer    | Reached skill level 5 in Ice Magic
  1842 | Sewer    | Reached XP level 5. HP: 23/38 MP: 3/9
  1933 | Sewer    | Reached XP level 6. HP: 46/46 MP: 7/10
  2363 | D:3      | Learned a level 3 spell: Summon Ice Beast
  2497 | D:4      | Noticed a black bear
  2522 | D:4      | Killed a black bear
  2523 | D:4      | Reached skill level 5 in Dodging
  2880 | D:4      | Noticed Natasha
  2884 | D:4      | Noticed Dowan
  2886 | D:4      | Killed Natasha
  2887 | D:4      | Noticed Duvessa
  2901 | D:4      | Killed Duvessa
  2902 | D:4      | Reached XP level 7. HP: 23/52 MP: 2/12
  2910 | D:4      | Killed Dowan
  3059 | D:5      | Entered Level 5 of the Dungeon
  3288 | D:5      | Found Niffaj Vust's General Store.
  3305 | D:5      | Found a large runed translucent door.
  3306 | D:5      | Found a large runed translucent door.
  3308 | D:5      | Noticed EvilEddieB's ghost (amateur DsNe)
  3493 | D:5      | Reached skill level 6 in Dodging
  3674 | D:5      | Reached XP level 8. HP: 60/61 MP: 10/14
  3702 | D:5      | Found a sparkling altar of Nemelex Xobeh.
  3846 | D:5      | Found a staircase to the Ecumenical Temple.
  3856 | Temple   | Entered the Ecumenical Temple
  3871 | Temple   | Became a worshipper of Cheibriados the Contemplative
  3876 | Temple   | Learned a level 3 spell: Frozen Ramparts
  3880 | Temple   | Learned a level 3 spell: Ozocubu's Armour
  4121 | D:5      | Reached skill level 5 in Fighting
  4223 | D:5      | Found a bloodstained altar of Trog.
  4226 | D:5      | Noticed a wizard
  4230 | D:5      | Killed a wizard
  4292 | D:5      | Reached skill level 7 in Dodging
  4389 | D:5      | Reached skill level 5 in Spellcasting
  4705 | D:5      | Killed EvilEddieB's ghost
  5010 | D:6      | Reached XP level 9. HP: 41/69 MP: 14/17
  5161 | D:6      | Reached * piety under Cheibriados
  5165 | D:6      | Reached skill level 8 in Dodging
  5210 | D:7      | HP: 2/53 [wight/+0 flail (2)]
  5213 | D:7      | Slain by a wight

Illustrated notes

Levels and vault maps discovered:
D:1:      minmay_arrival_shattered_statue, layout_basic, serial_glass,
          glass_columns_a, glass_columns_c
D:2:      layout_basic, uniq_terence
D:3:      layout_basic, mainiacjoe_overflow_catwalk,
          nicolae_gozag_conspicuous_consumption, lemuel_crystal_altar,
          mainiacjoe_overflow_alcove_1, gup_sewer_entry_glass,
          minmay_strange_pillars
D:4:      layout_rooms, minmay_statues_item, uniq_duvessa, uniq_natasha
D:5:      layout_basic, trog_wizard, nemelex_dance_club_becter,
          minmay_temple_entry_junction, serial_shops, nicolae_shop_behind_doors,
          ebering_ghost_disaster_area, kennysheep_generic_room_16
D:6:      layout_cave_pools, nzn_wu_jian_contemplation, elyvilon_altar_1,
          fedhas_altar_2, nicolae_ashenzari_panopticon, kennysheep_potato
D:7:      layout_rooms, mainiacjoe_overflow_six_doors_small, kennysheep_path_1
Temple:   nicolae_temple_bog_church

Skill      XL: |  1  2  3  4  5  6  7  8  9 |
---------------+----------------------------+-----
Dodging        | 3 4 5 6 7 8 |  8.0
Fighting       | 1 2 3 4 5 6 |  6.0
Spellcasting   | 3 4 5 |  5.6
Ice Magic      | 5 6 7 |  7.7
Stealth        | |  2.4

Action                     |  1- 3 |  4- 6 |  7- 9 || total
---------------------------+-------+-------+-------++-------
  Melee: Unarmed           |     2 |    10 |   201 ||   213
         Punch             |       |       |     4 ||     4
   Cast: Freeze            |    47 |    42 |    38 ||   127
         Summon Ice Beast  |       |     8 |    33 ||    41
         Ozocubu's Armour  |       |       |     6 ||     6
         Frozen Ramparts   |       |       |     4 ||     4
    Use: Scroll            |     4 |     2 |     3 ||     9
         Potion            |     2 |       |     3 ||     5
   Stab: Distracted        |       |       |     2 ||     2
 Armour: Robe              |    20 |    31 |   182 ||   233
         Troll leather arm |       |     3 |       ||     3
  Dodge: Dodged            |    37 |    47 |   234 ||   318

Table legend: (Time is in decaauts)
 A = Elapsed time spent in this place.
 B = Non-inter-level travel time spent in this place.
 C = Inter-level travel time spent in this place.
 D = Time resting spent in this place.
 E = Time spent auto-exploring this place.
 F = Levels seen in this place.
 G = Mean time per level.
                   A        B        C        D        E       F      G
               +--------+--------+--------+--------+--------+-----+--------+
         Total |   5311 |   5218 |     93 |      0 |   3513 |   9 |  590.1 |
       Dungeon |   4988 |   4904 |     84 |      0 |   3328 |   7 |  712.6 |
        Temple |     33 |     25 |      8 |      0 |      0 |   1 |   33.0 |
         Sewer |    289 |    289 |      0 |      0 |    185 |   1 |  289.0 |
               +--------+--------+--------+--------+--------+-----+--------+

Top non-repeatable levels by time:
     D:5: 1860 daAuts
     D:1: 968 daAuts
     D:3: 710 daAuts
     D:4: 677 daAuts
     D:6: 421 daAuts
     D:2: 332 daAuts
   Sewer: 289 daAuts
  Temple: 33 daAuts
     D:7: 17 daAuts
